 Dungeon Crawl Stone Soup version 0.30.0-18-gc0e69614cb (webtiles) character file.

Game seed: 8989536552361030585

74 Edyrem the Trooper (level 4, -4/41 HPs)
             Began as a Minotaur Fighter on May 23, 2023.
             Killed by divine providence
             ... invoked by an orc priest
              (11 damage)
             ... on level 3 of the Dungeon.
             The game lasted 00:02:16 (1631 turns).

Edyrem the Trooper (Minotaur Fighter)               Turns: 1631, Time: 00:02:17

Health: -4/41      AC:  9    Str: 22    XL:     4   Next: 9%
Magic:  3/3        EV:  8    Int:  5    God:
Gold:   194        SH:  4    Dex: 10    Spells: 3/3 levels left

rFire   . . .        a - +0 war axe
rCold   . . .        c - +0 buckler
rNeg    . . .        i - +0 chain mail
rPois   .            (helmet restricted)
rElec   .            (no cloak)
rCorr   .            (no gloves)
SInv    .            (no boots)
Will    .....        (no amulet) Stlth
                     (no ring)
HPRegen 0.26/turn    (no ring)
MPRegen 0.08/turn

%: no passive effects
@: no status effects
A: horns 2, retaliatory headbutt
a: no special abilities


You were on level 3 of the Dungeon.
You visited 1 branch of the dungeon, and saw 3 of its levels.

You collected 194 gold pieces.

Inventory:

Hand Weapons
 a - a +0 war axe (weapon)
Missiles
 k - 3 poisoned darts (quivered)
Armour
 c - a +0 buckler (worn)
 i - a +0 chain mail (worn)
Scrolls
 b - 2 scrolls of teleportation {unknown}
 e - 3 scrolls of identify {unknown}
 j - 2 scrolls of fear {unknown}
Potions
 d - a potion of might
 f - a potion of degeneration {unknown}
 g - a potion of curing {unknown}
 h - a potion of attraction {unknown}
 l - a potion of invisibility {unknown}


   Skills:
 + Level 4.3 Fighting
 + Level 3.4 Axes
 + Level 4.3 Armour
 + Level 4.2 Shields


You had 3 spell levels left.
You didn't know any spells.
Your spell library contained the following spells:

 Spells                   Type           Power      Damage    Failure   Level
 Inner Flame              Hex/Fire       0%         N/A       100%        3
 Flame Wave               Conj/Fire      0%         2d4       100%        4
 Sticky Flame             Conj/Fire      0%         2d3       100%        4


Dungeon Overview and Level Annotations

Branches:
Dungeon (3/15)

Altars:
Xom

Shops:
D:1 (


Innate Abilities, Weirdness & Mutations

You have a pair of horns on your head.
You reflexively headbutt those who attack you in melee.


Message History

You closely miss the hobgoblin. You hit the orc.
You block the hobgoblin's attack. The kobold hits you but does no damage.
The hobgoblin hits you but does no damage.
The orc hits you but does no damage. x2; You block the hobgoblin's attack.
The kobold closely misses you. You furiously retaliate!
You headbutt the kobold!
You kill the kobold!
You block the hobgoblin's attack.
You barely miss the hobgoblin. Your headbutt misses the hobgoblin.
The hobgoblin is severely wounded.
You barely miss the hobgoblin. You barely miss the orc. You hit the orc.
You kill the orc!
An adder comes into view.
The hobgoblin closely misses you. The hobgoblin hits you.
The orc hits you but does no damage.
The orc priest invokes the aid of Beogh against you.
Beogh smites you!
You closely miss the hobgoblin.
The adder hisses angrily.
Your headbutt misses the hobgoblin.
The hobgoblin is severely wounded.
You closely miss the hobgoblin. You closely miss the orc. You hit the orc.
The orc barely misses you. You furiously retaliate!
You headbutt the orc.
You kill the orc!
You block the hobgoblin's attack. The hobgoblin hits you.
The hobgoblin hits you but does no damage.
The orc priest mumbles some strange prayers to Beogh against you.
Pain shoots through your body!
* * * LOW HITPOINT WARNING * * *
The hobgoblin barely misses you. The orc hits you with a +0 flail.
* * * LOW HITPOINT WARNING * * *
You closely miss the orc priest. You hit the hobgoblin.
You kill the hobgoblin!
You barely miss the hobgoblin. You slash the orc!
You kill the orc!
You hit the orc priest. You block the hobgoblin's attack.
The orc priest hits you but does no damage.
The orc priest calls down the wrath of Beogh upon you.
Beogh smites you!
You die...

#..###.≈#...#≈ .. ..
##.....≈##..#≈
..###.#####..#.#..#.#.#≈
..........!........####≈
.......##....#.##..# ≈≈≈
..........#..>.###†.≈≈≈≈
<......./.....[.##....≈≈
......oJo........#......
....S.)@).|....†.....###
..#...#g.............. #
#...#..................#
#.#$.............#.....#
# ###............>......
.>.....#.............
#..###..........#.....
... ....###..../.....
.).


You could see 2 orc priests, an adder, an endoplasm and a hobgoblin.

Vanquished Creatures
  2 worms (D:2)
  3 dart slugs
  3 orcs (D:3)
  9 endoplasms
  4 giant cockroaches
  6 goblins
  6 hobgoblins
  2 kobolds
  2 quokkas
  5 ball pythons
  8 bats
  5 rats
55 creatures vanquished.

Notes
Turn   | Place    | Note
-------+----------+-------------------------------------------
     0 | D:1      | Edyrem the Minotaur Fighter began the quest for the Orb.
     0 | D:1      | Reached XP level 1. HP: 19/19 MP: 0/0
    81 | D:1      | Reached XP level 2. HP: 27/27 MP: 1/1
   310 | D:1      | Reached XP level 3. HP: 30/33 MP: 2/2
   529 | D:1      | Found Zumyrig's Antique Weapon Shoppe.
   535 | D:1      | Found a faded altar of an unknown god.
  1250 | D:2      | Found a shimmering altar of Xom.
  1617 | D:3      | Reached XP level 4. HP: 34/41 MP: 3/3
  1631 | D:3      | Killed from afar by an orc priest

Illustrated notes

Levels and vault maps discovered:
D:1:      roderic_octagonal_star, layout_loops_ring, basic_ecumenical_altar,
          serial_shops, shop, hangedman_abyss_or_decor_lesser_grid
D:2:      minmay_spotlight, layout_loops_ring, basic_altar
D:3:      layout_rooms, nicolae_kite_square_tiling_tiny, grunt_decor_junction,
          minmay_misc_feat_rows

Skill      XL: |  1  2 |
---------------+-------+-----
Fighting       | 4 |  4.3
Armour         | 4 |  4.3
Axes           | 3 |  3.4
Shields        | 4 |  4.2

Action                     |  1- 3 |  4- 6 || total
---------------------------+-------+-------++-------
  Melee: War axe           |    91 |     8 ||    99
         Headbutt          |    16 |     1 ||    17
 Armour: Scale mail        |    32 |       ||    32
         Chain mail        |     7 |    13 ||    20
  Dodge: Dodged            |    37 |     7 ||    44
  Block: Buckler           |    13 |     7 ||    20
